 Dungeon Crawl Stone Soup version 0.24-a0-91-g4e4936a (webtiles) character file.

Game seed: 6774953306054054353

30 galech the Shield-Bearer (level 3, 27/29 HPs)
             Began as a Demonspawn Fighter on Feb 8, 2019.
             Quit the game on level 2 of the Dungeon.
             The game lasted 00:01:04 (609 turns).

galech the Shield-Bearer (Demonspawn Fighter)        Turns: 609, Time: 00:01:04

Health: 27/29      AC:  8    Str: 16    XL:     3   Next: 3%
Magic:  3/3        EV:  6    Int:  9    God:
Gold:   33         SH:  9    Dex: 13    Spells: 2/2 levels left

rFire    . . .     SeeInvis .   a - +0 war axe
rCold    . . .     Gourm    .   c - +0 shield
rNeg     . . .     Faith    .   b - +0 scale mail
rPois    +         Spirit   .   (no helmet)
rElec    .         Reflect  .   (no cloak)
rCorr    .         Harm     .   (no gloves)
MR       .....                  (no boots)
Stlth    ..........             (no amulet)
HPRegen  0.09/turn              m - ring of wizardry
MPRegen  0.08/turn              n - ring of poison resistance

@: no status effects
A: iridescent scales 1, demonic guardian 1
a: no special abilities


You were on level 2 of the Dungeon.
You were not hungry.

You visited 1 branch of the dungeon, and saw 2 of its levels.

You collected 33 gold pieces.

Inventory:

Hand Weapons
 a - a +0 war axe (weapon)
Armour
 b - a +0 scale mail (worn)
 c - a +0 shield (worn)
Jewellery
 m - a ring of wizardry (left hand)
 n - a ring of poison resistance (right hand)
Scrolls
 j - 3 scrolls of random uselessness {unknown}
 k - a scroll of enchant armour {unknown}
 o - 2 scrolls of remove curse {unknown}
 p - a scroll of fog {unknown}
 q - a scroll of teleportation {unknown}
 r - 2 scrolls of identify {unknown}
Potions
 d - a potion of might
 e - a potion of degeneration {unknown}
 g - a potion of heal wounds {unknown}
 h - a potion of curing {unknown}
 l - a potion of resistance {unknown}
Comestibles
 f - 4 rations
 i - 2 chunks of flesh


   Skills:
 + Level 3.1 Fighting
 + Level 2.0 Axes
 + Level 3.1 Armour
 + Level 3.3 Shields


You had 2 spell levels left.
You didn't know any spells.
Your spell library was empty.

Dungeon Overview and Level Annotations

Branches:
Dungeon (2/15)

Altars:


Innate Abilities, Weirdness & Mutations

You are partially covered in iridescent scales. (AC +2)
A weak demonic guardian rushes to your aid.


Message History

You kill the giant cockroach!
No target in view!
No target in view!
No target in view!
No target in view!
No target in view!
No target in view!
No target in view!
No target in view!
No target in view!
No target in view!
No target in view!
No target in view!
No target in view!
No target in view!
r - 2 scrolls labeled KIOR HUGRUUMUE Are you sure you want to abandon this character and quit the game? (Confirm with "yes".)
Okay, then.
Unknown command.
Are you sure you want to abandon this character and quit the game? (Confirm with "yes".)

#..#..###.
#.........
#.####....#...#
#............# ####
######.#..######
..# ##.#..........#
#.####.#......####.
##.....###.....#
#...###.#...#.@#
#...........#..#
#...####.#.......
##.## #.....##.###
###...##......##.#
........<....###.#
..#...####.#.. ...
...........#####.#
.....#####


There were no monsters in sight!

Vanquished Creatures
  A dart slug (D:1)
  A leopard gecko (D:1)
  A ball python (D:1)
  A giant cockroach (D:2)
  3 goblins
  3 hobgoblins
  2 jackals (D:1)
  3 kobolds
  3 bats (D:1)
  4 frilled lizards
  A quokka zombie (D:2)
  4 rats
27 creatures vanquished.

Notes
Turn   | Place    | Note
-------+----------+-------------------------------------------
     0 | D:1      | galech the Demonspawn Fighter began the quest for the Orb.
     0 | D:1      | Reached XP level 1. HP: 18/18 MP: 1/1
   143 | D:1      | Gained mutation: You are partially covered in iridescent
                  | scales. (AC +2) [demonic ancestry]
   143 | D:1      | Reached XP level 2. HP: 24/24 MP: 2/2
   590 | D:2      | Gained mutation: A weak demonic guardian rushes to your
                  | aid. [demonic ancestry]
   590 | D:2      | Reached XP level 3. HP: 26/29 MP: 3/3
   609 | D:2      | Quit the game

Levels and vault maps discovered:
D:1:      lightli_molten_gateway, layout_basic
D:2:      minmay_diamond_boxcup, layout_loops_ring,
          nicolae_overflow_crystal_walls, yredelemnul_altar_generic,
          chequers_serial_rivers_micro_b, minmay_misc_feat_nine_boxes,
          uniq_jessica, uniq_terence

Skill      XL: |  1  2 |
---------------+-------+-----
Shields        | 3 |  3.3
Armour         | 3 |  3.1
Axes           | 2 |  2.0
Fighting       | |  3.1

Action                   || total
-------------------------++-------
Melee: War axe           ||    92
Armor: Scale mail        ||    49
Dodge: Dodged            ||    29
Block: Shield            ||    57

Table legend:
 A = Non-vault XP
 B = Vault XP
 C = Vault XP percentage of total XP
 D = Non-vault monster count
 E = Vault monster count
 F = Vault count percentage of total count
                 A         B        C        D         E       F
            +---------+---------+-------+---------+---------+-------
      Total |      43 |       0 |   0.0 |      27 |       0 |   0.0
            +---------+---------+-------+---------+---------+-------
        D:1 |      34 |       0 |   0.0 |      20 |       0 |   0.0
        D:2 |       9 |       0 |   0.0 |       7 |       0 |   0.0
            +---------+---------+-------+---------+---------+-------
